 Dungeon Crawl Stone Soup version 0.13.0-26-gf7ffa3a (webtiles) character file.

488 Econoterrorist the Magician (level 5, 0/24 HPs)
             Began as a Spriggan Enchanter on Nov 2, 2013.
             Killed from afar by an orc wizard (8 damage)
             ... with a puff of flame
             ... on Level 4 of the Dungeon.
             The game lasted 00:18:39 (3902 turns).

Econoterrorist the Magician (Spriggan Enchanter)    Turns: 3902, Time: 00:18:40

HP   0/24        AC  5     Str  9      XL: 5   Next: 92%
MP  18/18        EV 17     Int 17      God:
Gold 232         SH 10     Dex 16      Spells:  4 memorised,  8 levels left

Res.Fire  : . . .   See Invis. : +   a - +1 dagger {=f}
Res.Cold  : . . .   Warding    : .   b - +1 robe
Life Prot.: . . .   Conserve   : .   e - +0 buckler
Res.Poison: .       Res.Corr.  : .   (helmet restricted)
Res.Elec. : .       Clarity    : .   s - +1 dwarf cloak
Sust.Abil.: . .     Spirit.Shd : .   (gloves unavailable)
Res.Mut.  : .       Stasis     : .   (boots unavailable)
Res.Rott. : .       Flight     : .   (no amulet)
Saprovore : . . .                    (no ring)
                                     w - +4 ring of strength

@: slowed, quick, somewhat resistant to hostile enchantments, quite stealthy
A: unfitting armour, see invisible, herbivore 3, speed 3, slow metabolism 2
a: no special abilities


You were on level 4 of the Dungeon.
You were not hungry.

You visited 1 branch of the dungeon, and saw 4 of its levels.

You collected 212 gold pieces.

Inventory:

Hand weapons
 a - a +1,+1 dagger (weapon) {=f}
 p - a +1,+1 dagger of pain
Missiles
 d - 12 darts (quivered)
Armour
 b - a +1 robe (worn)
 e - a +0 buckler (worn)
 s - a +1 dwarven cloak (worn)
Magical devices
 r - a wand of lightning (0)
Comestibles
 x - a cheese
Scrolls
 h - 4 scrolls of identify
 i - 7 scrolls of remove curse
 j - 3 scrolls of teleportation
 k - a scroll of enchant weapon I {unknown}
 m - a scroll of amnesia {unknown}
 n - 2 scrolls of fog
 o - a scroll of curse weapon {unknown}
 q - a scroll of blinking {unknown}
 v - a scroll of recharging {unknown}
Jewellery
 w - a +4 ring of strength (left hand)
Potions
 f - 2 potions of curing
 g - a potion of restore abilities
 l - 2 potions of heal wounds
 u - a potion of speed
Books
 c - a book of Maledictions

   Spells                             Type                      Level
   *Corona                            Hexes                        1
   Sure Blade                         Hexes/Charms                 2
   *Ensorcelled Hibernation           Hexes/Ice                    2
   *Confuse                           Hexes                        3
   Enslavement                        Hexes                        4
   Invisibility                       Hexes                        6
 t - a book of Hinderance

   Spells                             Type                      Level
   Confusing Touch                    Hexes                        1
   *Slow                              Hexes                        2
   *Confuse                           Hexes                        3
   Petrify                            Transmutation/Earth          4
   Leda's Liquefaction                Hexes/Earth                  4
   Metabolic Englaciation             Hexes/Ice                    6


   Skills:
 + Level 2.1 Short Blades
 - Level 1.1 Throwing
 - Level 3.0 Dodging
 - Level 5.0 Stealth
 - Level 6.1 Spellcasting
 - Level 3.6 Hexes


You had 8 spell levels left.
You knew the following spells:

 Your Spells              Type           Power        Failure   Level  Hunger
a - Corona                Hex            ###....      3%          1    None
b - Ensorcelled Hibernat  Hex/Ice        ##....       14%         2    None
c - Confuse               Hex            ###.....     12%         3    ##.....
d - Slow                  Hex            ###.....     6%          2    None


Dungeon Overview and Level Annotations

Branches:
Dungeon (4/27)
 Temple: D:4-7

Altars:
Sif Muna


Innate Abilities, Weirdness & Mutations

You are tiny and cannot use many weapons and most armour.
You have supernaturally acute eyesight.
You are a herbivore.
You cover ground extremely quickly.
You need consume almost no food.


Message History

A hobgoblin, an orc priest and an orc wizard come into view.
The hobgoblin shouts!
The orc wizard moves out of view.
The orc priest shouts!
The orc wizard shouts!
The orc complains loudly.
The orc wizard gestures wildly while chanting.
The orc wizard seems to speed up.
The orc wizard gestures at you while chanting.
The magic dart hits you!
You see here a whip.
The orc priest glows brightly for a moment.
The orc wizard's eyes start to glow.
The orc priest calls down the wrath of Beogh upon you.
Something smites you!
* * * LOW HITPOINT WARNING * * *
The orc wizard casts a spell at you.
You feel yourself slow down.
The orc wizard gestures at you while chanting.
The puff of flame hits you!
You die...

#########.# #[.......... ..
........#g########.....#########.
........#.#......................
........#.#..................#...
........#o.s.....................
........#.#..................#.#.
........#.#..................#.#)
.............g.................#.
................@..).........###.
.............................###.
.................................
#########.#######.............###
##.## #.............#.# ####...#
#...............# #......#
#...............# #......#
#.............###
#......######.............###


You could see a scorpion, an orc wizard and a hobgoblin.

Vanquished Creatures
  2 orc wizards (D:4)
  Ijyb (D:3)
  4 gnolls (D:2)
  5 adders (D:3)
  3 worms
  A giant eyeball (D:4)
  8 orcs
  A ball python (D:2)
  5 giant cockroaches
  9 hobgoblins
  2 jackals (D:3)
  A quokka (D:3)
  9 bats
  A giant gecko (D:2)
  3 giant newts (D:1)
  8 goblins
  11 kobolds
  12 rats
86 creatures vanquished.

Notes
Turn   | Place    | Note
--------------------------------------------------------------
     0 | D:1      | Econoterrorist, the Spriggan Enchanter, began the quest for the Orb.
     0 | D:1      | Reached XP level 1. HP: 9/9 MP: 4/4
   137 | D:1      | Reached skill level 4 in Stealth
   179 | D:1      | Reached XP level 2. HP: 13/13 MP: 6/6
   183 | D:1      | Learned a level 2 spell: Ensorcelled Hibernation
   667 | D:1      | Reached skill level 5 in Stealth
   957 | D:2      | Reached XP level 3. HP: 14/16 MP: 1/9
   975 | D:2      | Learned a level 3 spell: Confuse
  1560 | D:2      | Reached XP level 4. HP: 15/21 MP: 1/13
  1831 | D:3      | Noticed Ijyb
  1878 | D:3      | Killed Ijyb
  2360 | D:3      | Reached skill level 5 in Spellcasting
  2510 | D:3      | Reached XP level 5. HP: 24/24 MP: 13/18
  2760 | D:3      | Learned a level 2 spell: Slow
  3374 | D:4      | Found a deep blue altar of Sif Muna.
  3386 | D:4      | Reached skill level 6 in Spellcasting
  3614 | D:4      | Paralysed by a giant eyeball for 2 turns
  3617 | D:4      | Paralysed by a giant eyeball for 3 turns
  3902 | D:4      | Killed from afar by an orc wizard

Action                   |  1- 3 |  4- 6 || total
-------------------------+-------+-------++-------
Melee: Dagger            |    83 |    98 ||   181
 Cast: Ensorcelled Hiber |    21 |    48 ||    69
       Confuse           |       |     6 ||     6
Evoke: Wand              |       |     5 ||     5
  Use: Potion            |       |     3 ||     3
       Scroll            |       |     4 ||     4
 Stab: Sleeping          |    28 |    31 ||    59
       Confused          |       |     1 ||     1
       Distracted        |       |     1 ||     1
